APP
PRINCETON RAYS @ ELIZABETHTON TWINS
08/23/2047
 
TOP OF THE 1ST
Princeton Rays batting - Pitching for Elizabethton Twins : RHP Glen Dutton
Pitching: RHP Glen Dutton
Batting: RHB Alex Koral 0-0: Ball
1-0: Swinging Strike
1-1: Swinging Strike
1-2: Ball
2-2: Ball
3-2: Strikes out swinging
Batting: RHB Roberto Aispuro 0-0: Ball
1-0: Ball
2-0: Called Strike
2-1: SINGLE (Groundball, 5S, EV 76.2 MPH) (infield hit)
Batting: RHB Adam Turpin 0-0: Ball
1-0: Foul Ball, location: 2F
1-1: Fly out, F8 (Flyball, 8LM, EV 90.0 MPH)
Batting: RHB Alex Zamora 0-0: Ball
1-0: Ball
2-0: SINGLE (Line Drive, 6D, EV 95.0 MPH)
Roberto Aispuro to second
Batting: RHB Jason Penfield 0-0: Called Strike
0-1: Foul Ball, location: 2F
0-2: Ball
1-2: Ball
2-2: Ball
3-2: Base on Balls
Roberto Aispuro to third
Alex Zamora to second
Batting: SHB Joshua Jackson 0-0: DOUBLE (Line Drive, 89M, EV 105.0 MPH)
Roberto Aispuro scores
Alex Zamora scores
Jason Penfield to third
Batting: SHB Luis Verduzco 0-0: Swinging Strike
0-1: Foul Ball, location: 2F
0-2: Ball
1-2: Strikes out looking
Top of the 1st over - 2 runs, 3 hits, 0 errors, 2 left on base; Princeton 2 - Elizabethton 0
BOTTOM OF THE 1ST
Elizabethton Twins batting - Pitching for Princeton Rays : RHP Tung-chi Tian
Pitching: RHP Tung-chi Tian
Batting: LHB Ryuuichi Shintani 0-0: Called Strike
0-1: Ball
1-1: Foul Ball, location: 2F
1-2: Fly out, F8 (Flyball, 78S, EV 69.4 MPH)
Batting: LHB Brian Wagner 0-0: Fly out, F7 (Flyball, 7S, EV 88.1 MPH)
Batting: RHB Steve Terrell 0-0: Called Strike
0-1: Called Strike
0-2: Ball
1-2: Strikes out swinging
Bottom of the 1st over - 0 runs, 0 hits, 0 errors, 0 left on base; Princeton 2 - Elizabethton 0
TOP OF THE 2ND
Princeton Rays batting - Pitching for Elizabethton Twins : RHP Glen Dutton
Batting: RHB Wan-ling Zhu 0-0: Called Strike
0-1: Called Strike
0-2: Ball
1-2: Foul Ball, location: 2F
1-2: Ball
2-2: Ground out 6-3 (Groundball, 6, EV 109.4 MPH)
Batting: RHB Bogumil Filipowski 0-0: Foul Ball, location: 2F
0-1: Swinging Strike
0-2: Strikes out looking
Batting: RHB Alex Koral 0-0: Swinging Strike
0-1: Ball
1-1: Swinging Strike
1-2: Ball
2-2: Foul Ball, location: 2F
2-2: Foul Ball, location: 2F
2-2: Foul Ball, location: 2F
2-2: Strikes out swinging
Top of the 2nd over - 0 runs, 0 hits, 0 errors, 0 left on base; Princeton 2 - Elizabethton 0
BOTTOM OF THE 2ND
Elizabethton Twins batting - Pitching for Princeton Rays : RHP Tung-chi Tian
Batting: LHB Hector Olvera 0-0: Ball
1-0: Ball
2-0: Ball
3-0: Base on Balls
Batting: LHB George Roben 0-0: Swinging Strike
0-1: Fly out, F7 (Line Drive, 7S, EV 90.6 MPH)
Batting: RHB Alexandre Garcia 0-0: Ball
1-0: Ball
2-0: Swinging Strike
2-1: Foul Ball, location: 2F
2-2: Ball
3-2: Strikes out looking
Batting: LHB Marvin Shepherd 0-0: Called Strike
0-1: Ball
1-1: Foul Ball, location: 2F
1-2: Ball
2-2: Ball
3-2: Foul Ball, location: 2F
3-2: Base on Balls
Hector Olvera to second
Batting: LHB Bill Lorimer 0-0: Ball
1-0: Foul Ball, location: 2F
1-1: Ball
Wild Pitch!
Hector Olvera to third
Marvin Shepherd to second
2-1: Ball
3-1: Base on Balls
Batting: SHB Nadhir Umayr 0-0: Foul Ball, location: 2F
0-1: Swinging Strike
0-2: Foul Ball, location: 2F
0-2: Strikes out swinging
Bottom of the 2nd over - 0 runs, 0 hits, 0 errors, 3 left on base; Princeton 2 - Elizabethton 0
TOP OF THE 3RD
Princeton Rays batting - Pitching for Elizabethton Twins : RHP Glen Dutton
Batting: RHB Roberto Aispuro 0-0: Called Strike
0-1: Ball
1-1: Ball
2-1: Ball
3-1: Base on Balls
Batting: RHB Adam Turpin 0-0: Ball
1-0: SINGLE (Groundball, 4MD, EV 102.5 MPH)
Roberto Aispuro to second
Runner from 2nd tries for 3rd, SAFE, throw by CF made to third
Batting: RHB Alex Zamora 0-0: Called Strike
0-1: Called Strike
Adam Turpin steals 2nd base
0-2: Foul Ball, location: 2F
0-2: Fly out, F8 (Flyball, 8RD, EV 93.1 MPH)
Batting: RHB Jason Penfield 0-0: Ball
1-0: Called Strike
1-1: Called Strike
1-2: Foul Ball, location: 2F
1-2: Ball
2-2: Strikes out swinging
Batting: SHB Joshua Jackson 0-0: Ball
Wild Pitch!
Roberto Aispuro scores
Adam Turpin to third
1-0: Ball
2-0: Called Strike
2-1: Fly out, F7 (Line Drive, 7, EV 103.1 MPH)
Top of the 3rd over - 1 run, 1 hit, 0 errors, 1 left on base; Princeton 3 - Elizabethton 0
BOTTOM OF THE 3RD
Elizabethton Twins batting - Pitching for Princeton Rays : RHP Tung-chi Tian
Batting: LHB Ryuuichi Shintani 0-0: Ball
1-0: Called Strike
1-1: Swinging Strike
1-2: Hit by Pitch
Batting: LHB Brian Wagner 0-0: Ball
1-0: Ball
2-0: Ball
3-0: SINGLE (Flyball, 78M, EV 90.6 MPH)
Ryuuichi Shintani to second
Batting: RHB Steve Terrell 0-0: Ball
1-0: Ball
2-0: Ball
3-0: Base on Balls
Ryuuichi Shintani to third
Brian Wagner to second
Batting: LHB Hector Olvera 0-0: GRAND SLAM HOME RUN (Line Drive, 9LD, EV 96.9 MPH), Distance : 349 ft
Batting: LHB George Roben 0-0: Ball
1-0: Called Strike
1-1: Swinging Strike
1-2: Fly out, F9 (Line Drive, 9LM, EV 98.8 MPH)
Batting: RHB Alexandre Garcia 0-0: Called Strike
0-1: Foul Ball, location: 2F
0-2: Foul Ball, location: 2F
0-2: Ball
1-2: Ball
2-2: Ball
3-2: Base on Balls
Batting: LHB Marvin Shepherd 0-0: Foul Ball, location: 7LSF, Error on foul ball, E7
0-1: Ball
Alexandre Garcia is caught stealing 2nd base 2-6
1-1: Foul Ball, location: 2F
1-2: Ball
2-2: Fly out, F9 (Flyball, 89M, EV 90.0 MPH)
Bottom of the 3rd over - 4 runs, 2 hits, 1 error, 0 left on base; Princeton 3 - Elizabethton 4
TOP OF THE 4TH
Princeton Rays batting - Pitching for Elizabethton Twins : RHP Glen Dutton
Batting: SHB Luis Verduzco 0-0: Ball
1-0: Called Strike
1-1: Swinging Strike
1-2: Foul Ball, location: 2F
1-2: Strikes out swinging
Batting: RHB Wan-ling Zhu 0-0: Ball
1-0: Ball
2-0: Foul Ball, location: 2F
2-1: SINGLE (Line Drive, 9S, EV 94.4 MPH)
Batting: RHB Bogumil Filipowski 0-0: Called Strike
0-1: Swinging Strike
0-2: Ball
1-2: Ball
2-2: Strikes out swinging
Batting: RHB Alex Koral 0-0: Ball
1-0: Ball
2-0: Ball
3-0: Called Strike
3-1: Called Strike
3-2: Base on Balls
Wan-ling Zhu to second
Batting: RHB Roberto Aispuro 0-0: Called Strike
0-1: Ball
1-1: Ball
2-1: Foul Ball, location: 2F
2-2: Strikes out swinging
Top of the 4th over - 0 runs, 1 hit, 0 errors, 2 left on base; Princeton 3 - Elizabethton 4
BOTTOM OF THE 4TH
Elizabethton Twins batting - Pitching for Princeton Rays : RHP Tung-chi Tian
Batting: LHB Bill Lorimer 0-0: Swinging Strike
0-1: Ball
1-1: Called Strike
1-2: Foul Ball, location: 2F
1-2: Foul Ball, location: 2F
1-2: Strikes out swinging
Batting: SHB Nadhir Umayr 0-0: Ball
1-0: Called Strike
1-1: Called Strike
1-2: Strikes out swinging
Batting: LHB Ryuuichi Shintani 0-0: Ball
1-0: Swinging Strike
1-1: Ball
2-1: Foul Ball, location: 2F
2-2: Strikes out looking
Bottom of the 4th over - 0 runs, 0 hits, 0 errors, 0 left on base; Princeton 3 - Elizabethton 4
TOP OF THE 5TH
Princeton Rays batting - Pitching for Elizabethton Twins : RHP Glen Dutton
Batting: RHB Adam Turpin 0-0: Ball
1-0: Ball
2-0: Called Strike
2-1: Ground out 5-3 (Groundball, 56, EV 88.8 MPH)
Batting: RHB Alex Zamora 0-0: Called Strike
0-1: Swinging Strike
0-2: Ground out 5-3 (Groundball, 56S, EV 83.8 MPH)
Batting: RHB Jason Penfield 0-0: Swinging Strike
0-1: Ball
1-1: Ball
2-1: Foul Ball, location: 2F
2-2: Strikes out swinging
Top of the 5th over - 0 runs, 0 hits, 0 errors, 0 left on base; Princeton 3 - Elizabethton 4
BOTTOM OF THE 5TH
Elizabethton Twins batting - Pitching for Princeton Rays : RHP Tung-chi Tian
Batting: LHB Brian Wagner 0-0: Ball
1-0: Ball
2-0: Ball
3-0: Base on Balls
Batting: RHB Steve Terrell 0-0: Swinging Strike
0-1: Foul Ball, location: 2F
0-2: Ball
1-2: Foul Ball, location: 2F
1-2: Strikes out looking
Batting: LHB Hector Olvera 0-0: Ball
Brian Wagner is caught stealing 2nd base 2-6
1-0: Ball
2-0: Ball
3-0: Base on Balls
Batting: LHB George Roben 0-0: Ball
1-0: Foul Ball, location: 2F
1-1: Ground out 4-3 (Groundball, 4, EV 88.1 MPH)
Bottom of the 5th over - 0 runs, 0 hits, 0 errors, 1 left on base; Princeton 3 - Elizabethton 4
TOP OF THE 6TH
Princeton Rays batting - Pitching for Elizabethton Twins : RHP Glen Dutton
Pitching: RHP Karel Braaksma
Batting: SHB Joshua Jackson 0-0: Foul Ball, location: 2F
0-1: Foul Ball, location: 2F
0-2: Ball
1-2: SOLO HOME RUN (Flyball, 89XD, EV 99.4 MPH), Distance : 406 ft
Batting: SHB Luis Verduzco 0-0: Called Strike
0-1: Swinging Strike
0-2: Strikes out swinging
Pinch Hitting: SHB Ray Luna 0-0: Ball
1-0: Ball
2-0: Foul Ball, location: 2F
2-1: Foul Ball, location: 2F
2-2: Ball
3-2: Ground out 6-3 (Groundball, 6, EV 86.2 MPH)
Batting: RHB Bogumil Filipowski 0-0: Ball
1-0: Fly out, F8 (Flyball, 8LM, EV 92.5 MPH)
Top of the 6th over - 1 run, 1 hit, 0 errors, 0 left on base; Princeton 4 - Elizabethton 4
BOTTOM OF THE 6TH
Elizabethton Twins batting - Pitching for Princeton Rays : RHP Tung-chi Tian
Now at SS: Jim Erdody
Batting: RHB Alexandre Garcia 0-0: Ball
1-0: Fly out, F7 (Flyball, 7LM, EV 90.6 MPH)
Batting: LHB Marvin Shepherd 0-0: Called Strike
0-1: Swinging Strike
0-2: Ball
1-2: Ball
2-2: Ground out 3-1 (Groundball, 13, EV 90.0 MPH)
Batting: LHB Bill Lorimer 0-0: Foul Ball, location: 2F
0-1: Swinging Strike
0-2: Foul Ball, location: 2F
0-2: Strikes out swinging
Bottom of the 6th over - 0 runs, 0 hits, 0 errors, 0 left on base; Princeton 4 - Elizabethton 4
TOP OF THE 7TH
Princeton Rays batting - Pitching for Elizabethton Twins : RHP Karel Braaksma
Batting: RHB Alex Koral 0-0: Called Strike
0-1: Ball
1-1: Foul Ball, location: 2F
1-2: Fly out, F8 (Flyball, 8RD, EV 101.2 MPH)
Batting: RHB Roberto Aispuro 0-0: Called Strike
0-1: Ball
1-1: Ball
2-1: Ball
3-1: Foul Ball, location: 2F
3-2: Base on Balls
Batting: RHB Adam Turpin 0-0: Ball
1-0: Fielders Choice at 2nd, 6-4 (Groundball, 6, EV 86.2 MPH)
Batting: RHB Alex Zamora 0-0: Ball
1-0: Called Strike
1-1: Swinging Strike
1-2: SINGLE (Groundball, 6MD, EV 100.0 MPH)
Adam Turpin to second
Runner from 2nd tries for 3rd, SAFE, throw by CF made to third
Pinch Hitting: LHB Dave Northam 0-0: Ground out 4-3 (Groundball, 4, EV 82.5 MPH)
Top of the 7th over - 0 runs, 1 hit, 0 errors, 2 left on base; Princeton 4 - Elizabethton 4
BOTTOM OF THE 7TH
Elizabethton Twins batting - Pitching for Princeton Rays : RHP Tung-chi Tian
Pitching: RHP Brandon Isabell
Now at 1B: Dave Northam
Batting: SHB Nadhir Umayr 0-0: Ball
1-0: Foul Ball, location: 2F
1-1: Ball
2-1: Swinging Strike
2-2: Strikes out swinging
Batting: LHB Ryuuichi Shintani 0-0: Called Strike
0-1: Ball
1-1: Ball
2-1: Swinging Strike
2-2: Foul Ball, location: 2F
2-2: Strikes out swinging
Batting: LHB Brian Wagner 0-0: Ball
1-0: Foul Ball, location: 2F
1-1: Swinging Strike
1-2: Foul Ball, location: 2F
1-2: Hit by Pitch
Batting: RHB Steve Terrell 0-0: Ball
Brian Wagner is caught stealing 2nd base 2-4
Bottom of the 7th over - 0 runs, 0 hits, 0 errors, 0 left on base; Princeton 4 - Elizabethton 4
TOP OF THE 8TH
Princeton Rays batting - Pitching for Elizabethton Twins : RHP Karel Braaksma
Batting: SHB Joshua Jackson 0-0: Foul Ball, location: 2F
0-1: Foul Ball, location: 2F
0-2: Ball
1-2: Foul Ball, location: 2F
1-2: Ball
2-2: Ball
3-2: Foul Ball, location: 2F
3-2: Base on Balls
Pitching: RHP Ruben Calderon
Batting: SHB Luis Verduzco 0-0: Called Strike
0-1: Sac Bunt to P - play at first, batter OUT! 1-3
Joshua Jackson to second
Batting: RHB Jim Erdody 0-0: Intentional Walk
Batting: RHB Bogumil Filipowski 0-0: Bunted foul
0-1: Ball
1-1: Sac Bunt to 23 - play at first, batter OUT! 3-4
Joshua Jackson to third
Jim Erdody to second
Batting: RHB Alex Koral 0-0: Ball
1-0: Ball
2-0: Ball
3-0: Called Strike
3-1: Base on Balls
Batting: RHB Roberto Aispuro 0-0: Ball
1-0: Ball
2-0: Called Strike
2-1: Foul Ball, location: 2F
2-2: Strikes out looking
Top of the 8th over - 0 runs, 0 hits, 0 errors, 3 left on base; Princeton 4 - Elizabethton 4
BOTTOM OF THE 8TH
Elizabethton Twins batting - Pitching for Princeton Rays : RHP Brandon Isabell
Batting: RHB Steve Terrell 0-0: Foul Ball, location: 2F
0-1: Ball
1-1: Ball
2-1: Foul Ball, location: 2F
2-2: Ball
3-2: Ground out 4-3 (Groundball, 4M, EV 83.8 MPH)
Batting: LHB Hector Olvera 0-0: SINGLE (Line Drive, 6D, EV 94.4 MPH)
Batting: LHB George Roben 0-0: Called Strike
0-1: Swinging Strike
0-2: Ball
1-2: Ball
2-2: Ball
3-2: Base on Balls
Hector Olvera to second
Batting: RHB Alexandre Garcia 0-0: Ball
1-0: Ball
2-0: Ball
Passed Ball!
Hector Olvera to third
George Roben to second
3-0: Base on Balls
Pitching: RHP Marc Furr
Batting: LHB Marvin Shepherd 0-0: Foul Ball, location: 2F
0-1: Grounds into double play, 3-2-3 (Groundball, 3, EV 100.0 MPH)
Bottom of the 8th over - 0 runs, 1 hit, 0 errors, 2 left on base; Princeton 4 - Elizabethton 4
TOP OF THE 9TH
Princeton Rays batting - Pitching for Elizabethton Twins : RHP Ruben Calderon
Batting: RHB Adam Turpin 0-0: Ball
1-0: Foul Ball, location: 2F
1-1: SINGLE (Groundball, 6MS, EV 65.6 MPH) (infield hit)
Batting: RHB Alex Zamora 0-0: Ball
Adam Turpin steals 2nd base
1-0: Called Strike
1-1: Called Strike
1-2: Ball
2-2: Foul Ball, location: 2F
2-2: Ball
3-2: Base on Balls
Batting: LHB Dave Northam 0-0: Called Strike
0-1: SINGLE (Line Drive, 6MD, EV 98.8 MPH)
Adam Turpin to third
Alex Zamora to second
Batting: SHB Joshua Jackson 0-0: Called Strike
0-1: Ball
1-1: Ball
2-1: Ball
3-1: Base on Balls
Adam Turpin scores
Alex Zamora to third
Dave Northam to second
Pinch Hitting: RHB Bobby Ross 0-0: Ball
1-0: Ball
2-0: Fly out, F8 (Line Drive, 8LM, EV 108.1 MPH)
Batting: RHB Jim Erdody 0-0: Foul Ball, location: 2F
0-1: GRAND SLAM HOME RUN (Flyball, 7LD, EV 95.0 MPH), Distance : 346 ft
Pitching: RHP Danny Lucero
Batting: RHB Bogumil Filipowski 0-0: Ball
1-0: Foul Ball, location: 2F
1-1: Reached on error, E7 (Line Drive, 78M, EV 103.1 MPH)
Batting: RHB Alex Koral 0-0: Ball
1-0: Swinging Strike
1-1: Ball
2-1: Ball
3-1: Base on Balls
Bogumil Filipowski to second
Batting: RHB Roberto Aispuro 0-0: SINGLE (Flyball, 3D, EV 91.9 MPH)
Bogumil Filipowski to third
Alex Koral to second
Batting: RHB Adam Turpin 0-0: Called Strike
0-1: Foul Ball, location: 2F
0-2: Strikes out swinging
Batting: RHB Alex Zamora 0-0: Called Strike
0-1: Swinging Strike
0-2: Ball
1-2: Strikes out swinging
Top of the 9th over - 5 runs, 4 hits, 1 error, 3 left on base; Princeton 9 - Elizabethton 4
BOTTOM OF THE 9TH
Elizabethton Twins batting - Pitching for Princeton Rays : RHP Marc Furr
Now in LF: Adam Turpin
Now in CF: Roberto Aispuro
Now in RF: Sean Boenig
Batting: LHB Bill Lorimer 0-0: Ball
1-0: Ball
2-0: Called Strike
2-1: Ball
3-1: Called Strike
3-2: Ground out 4-3 (Groundball, 4S, EV 85.0 MPH)
Batting: SHB Nadhir Umayr 0-0: Ball
1-0: Foul Ball, location: 2F
1-1: Fly out, F7 (Flyball, 78M, EV 91.9 MPH)
Batting: LHB Ryuuichi Shintani 0-0: Ball
1-0: Foul Ball, location: 2F
1-1: Called Strike
1-2: SOLO HOME RUN (Flyball, 8LXD, EV 108.1 MPH), Distance : 434 ft
Batting: LHB Brian Wagner 0-0: Ground out 3-1 (Groundball, 34, EV 88.1 MPH)
Bottom of the 9th over - 1 run, 1 hit, 0 errors, 0 left on base; Princeton 9 - Elizabethton 5
Thursday, December 15th , 2022 - OOTP Baseball 23.9 Build 102